 Dungeon Crawl Stone Soup version 0.21-a0-84-g85d6d27 (webtiles) character file.

9909 TotoDurand the Covert (level 11, -9/77 HPs)
             Began as an Octopode Assassin on June 24, 2017.
             Was a High Priest of Cheibriados.
             Mangled by anet's ghost (18 damage)
             ... on level 10 of the Dungeon.
             The game lasted 00:35:42 (12631 turns).

TotoDurand the Covert (Octopode Assassin)          Turns: 12631, Time: 00:35:43

Health: -9/77      AC:  6    Str: 25    XL:     11   Next: 53%
Magic:  14/14      EV: 20    Int: 26    God:    Cheibriados [*****.]
Gold:   528        SH:  0    Dex: 26    Spells: 13/15 levels left

rFire    . . .     SeeInvis .   m - +1 short sword (drain)
rCold    . . .     Gourm    .   (no shield)
rNeg     + . .     Faith    .   (helmet restricted)
rPois    .         Spirit   .   (no amulet)
rElec    .         Reflect  .   v - ring of flight
rCorr    .         Harm     .   G - ring of positive energy
MR       .....                  K - +2 ring of protection
Stlth    +++++++...             L - +3 ring of protection
HPRegen  0.22/turn              (no ring)
MPRegen  0.14/turn              (no ring)
                                (no ring)
                                (no ring)

@: very slow
A: almost no armour, stealthy swim, amphibious, 8 rings, constrict 8, camouflage
1, gelatinous body 1
a: Bend Time, Temporal Distortion, Slouch, Step From Time, Renounce Religion,
Evoke Flight


You were on level 10 of the Dungeon.
You worshipped Cheibriados.
Cheibriados was extremely pleased with you.
You were hungry.

You visited 2 branches of the dungeon, and saw 11 of its levels.

You collected 528 gold pieces.

Inventory:

Hand Weapons
 a - a +2 dagger
 b - a +0 blowgun
 m - a +1 short sword of draining (weapon)
Missiles
 c - 33 poisoned needles
 d - 9 curare-tipped needles
 J - 3 throwing nets (quivered)
Jewellery
 v - a ring of flight (left tentacle)
 G - a ring of positive energy (right tentacle)
 K - a +2 ring of protection (on tentacle)
 L - a +3 ring of protection (on tentacle)
 R - an uncursed ring of fire
Wands
 y - a wand of random effects (27/48)
 C - a wand of disintegration (18/24)
 I - a wand of polymorph (13/24)
 M - a wand of confusion (35/48)
 Q - a wand of flame (27/48)
Scrolls
 e - 4 scrolls of amnesia {unknown}
 h - 5 scrolls of identify {unknown}
 l - 3 scrolls of fog {unknown}
 n - 8 scrolls of remove curse
 o - 4 scrolls of magic mapping {unknown}
 q - 5 scrolls of random uselessness {unknown}
 s - 7 scrolls of teleportation
 A - a scroll of blinking {unknown}
 E - a scroll of summoning {unknown}
 H - a scroll of immolation {unknown}
 N - a scroll of enchant armour {unknown}
 O - a scroll of vulnerability {unknown}
Potions
 j - 2 potions of mutation {unknown}
 k - 3 potions of curing {unknown}
 p - a potion of flight {unknown}
 r - 5 potions of heal wounds {unknown}
 t - 2 potions of ambrosia {unknown}
 w - 4 potions of degeneration {unknown}
 x - 5 potions of invisibility {unknown}
 z - a potion of might
 B - a potion of berserk rage {unknown}
 D - a potion of haste {unknown}
 F - 3 potions of brilliance {unknown}
 S - a potion of lignification {unknown}
Books
 P - a book of Geomancy

   Spells                             Type                      Level
   a - Sandblast                      Earth                        1
   b - Passwall                       Transmutation/Earth          2
   c - Stone Arrow                    Conjuration/Earth            3
   d - Petrify                        Transmutation/Earth          4
   e - Lee's Rapid Deconstruction     Earth                        5
Comestibles
 f - 2 bread rations
 g - 8 royal jellies
 i - 30 fruits
 u - 4 meat rations


   Skills:
 + Level 7.9 Fighting
 + Level 7.8 Short Blades
 + Level 7.7 Throwing
 + Level 7.4 Dodging
 + Level 11.4 Stealth
 + Level 2.6 Spellcasting
 + Level 3.0 Transmutations
 + Level 3.0 Earth Magic
 + Level 3.2 Invocations


You had 13 spell levels left.
You knew the following spells:

 Your Spells              Type           Power        Failure   Level  Hunger
a - Passwall              Tmut/Erth      ###.......   4%          2    ##.....


Dungeon Overview and Level Annotations

Branches:
Dungeon (10/15)            Temple (1/1) D:5
   Lair: D:8-11         Orc: D:9-12

Altars:
Ashenzari
Cheibriados
Dithmenos
Elyvilon
Fedhas
Gozag
Hepliaklqana
Kikubaaqudgha
Makhleb
Nemelex Xobeh
Okawaru
Qazlal
Ru
Sif Muna
Trog
Uskayaw
Vehumet
Wu Jian
Xom
Yredelemnul
Zin
The Shining One

Annotations:
D:4 TotoDurand's ghost, amateur OpAs
D:10 anet's ghost, journeyman MiMo


Innate Abilities, Weirdness & Mutations

You cannot wear most types of armour.
You are very stealthy in the water. (Stealth+)
You are amphibious.
You can wear up to eight rings at the same time.
You can use your tentacles to constrict eight enemies at once.
Your skin changes colour to match your surroundings (Stealth+).
Your rubbery body absorbs attacks. (AC +1, EV +1)


Message History

You squeeze the centaur warrior zombie!
The centaur warrior zombie is severely damaged.
The centaur warrior zombie hits you. Anet's ghost misses you.
You hit the centaur warrior zombie but do no damage.
You squeeze the centaur warrior zombie!
The centaur warrior zombie is almost destroyed.
The centaur warrior zombie completely misses you.
You hit the centaur warrior zombie.
The centaur warrior zombie is almost destroyed.
Anet's ghost hits you! The centaur warrior zombie misses you.
You puncture the centaur warrior zombie!
You squeeze the centaur warrior zombie.
You destroy the centaur warrior zombie!
Cheibriados thoroughly appreciates the change of pace.
Your Transmutations skill increases to level 3!
Your Earth Magic skill increases to level 3!
Anet's ghost hits you!
* * * LOW HITPOINT WARNING * * *
Anet's ghost hits you!!
You die...

.................................
.................................
....)).......#...................
...).)......#...........<........
...)..(#....#......#..........)..
..(....(.....#.#...#.............
.............##...........#....#.
.........(....#..........#.......
..........#....W@.....#.#........
...........#..#.....######.##....
..........###.#......# #####.#.
..................#.## ###.
...................## ##.
................#.## #..
...................# ##.
.....#...#......#.## ##
.........####...###


You could see anet's ghost.

Vanquished Creatures
  A rakshasa (D:9)
  3 two-headed ogres
  A centaur zombie (D:10)
  2 trolls (D:10)
  The ghost of TotoDurand the Sneak, an amateur OpAs of Dithmenos (D:5)
  3 hippogriffs
  Grinder (D:6)
  Sigmund (D:6)
  5 yaks (D:9)
  A steam dragon (D:10)
  Menkaure (D:6)
  3 sky beasts
  8 ice beasts
  An orc warrior (D:9)
  A black bear (D:6)
  4 ogres
  2 crocodiles
  5 centaurs
  4 big kobolds
  3 bullfrogs
  A water moccasin skeleton (D:7)
  7 scorpions
  3 wights (D:9)
  9 howler monkeys
  4 crimson imps
  2 jellies
  A centaur skeleton (D:7)
  A gnoll shaman (D:5)
  6 hounds
  4 orc wizards
  Terence (D:3)
  5 worker ants
  13 gnolls
  A howler monkey skeleton (D:6)
  14 adders
  A shadow imp (D:7)
  An ooze (D:2)
  An adder zombie (D:7)
  A worm (D:2)
  A dart slug (D:1)
  2 leopard geckos (D:6)
  32 orcs
  8 giant cockroaches
  8 goblins
  6 hobgoblins
  15 jackals
  5 quokkas
  2 ball pythons
  9 bats
  7 frilled lizards
  A giant cockroach zombie (D:5)
  27 kobolds
  A quokka skeleton (D:7)
  8 rats
259 creatures vanquished.

Notes
Turn   | Place    | Note
-------+----------+-------------------------------------------
     0 | D:1      | TotoDurand the Octopode Assassin began the quest for the Orb.
     0 | D:1      | Reached XP level 1. HP: 14/14 MP: 1/1
   257 | D:1      | Reached XP level 2. HP: 12/19 MP: 2/2
   955 | D:1      | Reached XP level 3. HP: 24/24 MP: 3/3
  1262 | D:2      | Reached XP level 4. HP: 30/30 MP: 4/4
  1845 | D:3      | Found a blossoming altar of Fedhas.
  2017 | D:3      | Reached skill level 6 in Stealth
  2034 | D:3      | Reached XP level 5. HP: 36/36 MP: 5/5
  2207 | D:3      | Noticed Terence
  2216 | D:3      | Killed Terence
  2439 | D:3      | Found a shattered altar of Ashenzari.
  2439 | D:3      | Found a radiant altar of Vehumet.
  2442 | D:3      | Found an iron altar of Okawaru.
  2468 | D:3      | Reached XP level 6. HP: 39/42 MP: 6/6
  2622 | D:4      | Noticed TotoDurand's ghost (amateur OpAs)
  3300 | D:5      | Entered Level 5 of the Dungeon
  3335 | D:5      | Noticed an ice beast
  3349 | D:5      | Killed an ice beast
  3666 | D:5      | Reached XP level 7. HP: 47/47 MP: 7/7
  3789 | D:5      | Found a staircase to the Ecumenical Temple.
  3815 | Temple   | Entered the Ecumenical Temple
  3904 | Temple   | Became a worshipper of Cheibriados the Contemplative
  3971 | D:5      | Reached skill level 7 in Stealth
  4597 | D:5      | Noticed TotoDurand's ghost (amateur OpAs)
  4854 | D:6      | Reached XP level 8. HP: 39/54 MP: 8/8
  4964 | D:6      | Noticed Sigmund
  4972 | D:6      | Killed Sigmund
  4977 | D:6      | Reached * piety under Cheibriados
  5125 | D:6      | Noticed Menkaure
  5518 | D:6      | Noticed Grinder
  5532 | D:6      | Killed Grinder
  5532 | D:6      | Reached skill level 5 in Fighting
  5532 | D:6      | Reached skill level 8 in Stealth
  5967 | D:6      | Reached skill level 5 in Throwing
  6499 | D:6      | Killed Menkaure
  6499 | D:6      | Reached skill level 5 in Short Blades
  6599 | D:6      | Reached skill level 5 in Dodging
  6599 | D:6      | Reached XP level 9. HP: 22/61 MP: 9/9
  7113 | D:5      | Killed TotoDurand's ghost
  7113 | D:5      | Reached skill level 9 in Stealth
  7141 | D:5      | Reached ** piety under Cheibriados
  7864 | D:7      | Reached *** piety under Cheibriados
  7867 | D:7      | Reached skill level 10 in Stealth
  8547 | D:8      | Reached XP level 10. HP: 69/69 MP: 10/10
  9238 | D:9      | Noticed a two-headed ogre
  9251 | D:9      | Killed a two-headed ogre
  9271 | D:9      | Learned a level 2 spell: Passwall
  9293 | D:9      | Found a blossoming altar of Fedhas.
  9315 | D:9      | Reached **** piety under Cheibriados
  9603 | D:9      | Reached skill level 1 in Spellcasting
  9676 | D:9      | Noticed a two-headed ogre
  9683 | D:9      | Killed a two-headed ogre
  9683 | D:9      | Reached skill level 1 in Transmutations
  9683 | D:9      | Reached skill level 1 in Earth Magic
  9683 | D:9      | Reached skill level 1 in Invocations
  9999 | D:9      | Reached skill level 11 in Stealth
  9999 | D:9      | Reached XP level 11. HP: 22/75 MP: 13/13
 10436 | D:9      | Noticed a rakshasa
 10448 | D:9      | Killed a rakshasa
 10825 | D:10     | Entered Level 10 of the Dungeon
 10825 | D:10     | Noticed a two-headed ogre
 10836 | D:10     | Killed a two-headed ogre
 10841 | D:10     | Reached ***** piety under Cheibriados
 10994 | D:10     | Noticed anet's ghost (journeyman MiMo)
 12631 | D:10     | Mangled by anet's ghost

Vault maps used:
D:1:      kennysheep_arrival_forest
D:2:      first_bread
D:3:      fedhas_altar_3, grunt_temple_overflow_open, uniq_terence
D:5:      minmay_temple_entry_glass
D:6:      minivault_24, uniq_menkaure, uniq_grinder, uniq_sigmund
D:9:      basic_altar, minmay_misc_feat_diagonals, blue_anna_alchemist
D:10:     hangedman_abyss_or_decor_slice
Temple:   regret_index_temple_mists

Skill      XL: |  1  2  3  4  5  6  7  8  9 10 11 |
---------------+----------------------------------+-----
Dodging        | 2 3 4 5 6 7 |  7.4
Stealth        | 6 7 8 10 11 | 11.4
Throwing       | 3 4 5 6 7 |  7.7
Fighting       | 3 4 5 6 7 |  7.9
Short Blades   | 3 4 5 6 7 |  7.8
Spellcasting   | 1 2 |  2.6
Transmutations | 2 3 |  3.0
Earth Magic    | 1 3 |  3.0
Invocations    | 2 3 |  3.2

Action                   |  1- 3 |  4- 6 |  7- 9 | 10-12 || total
-------------------------+-------+-------+-------+-------++-------
Melee: Dagger            |    55 |     9 |    44 |       ||   108
       Constrict         |    12 |    20 |    51 |    30 ||   113
       Tentacles         |     9 |    17 |    67 |    94 ||   187
       Short sword       |    10 |   103 |   196 |   231 ||   540
 Fire: Blowgun           |       |    10 |    10 |     9 ||    29
  Use: Scroll            |       |       |     1 |     1 ||     2
 Stab: Sleeping          |    10 |    10 |    10 |    15 ||    45
       Distracted        |       |       |       |     3 ||     3
  Eat: Chunk             |     1 |     6 |    10 |     5 ||    22
       Fruit             |       |       |     2 |       ||     2
Armor: Skin              |     3 |     6 |    11 |    29 ||    49
Dodge: Dodged            |    30 |    47 |   145 |   188 ||   410
